 Dungeon Crawl Stone Soup version 0.28-b1-1-g3c77fb2ed1 (webtiles) character file.

Game seed: 2089986282332587845

13 Minsecho the Vexing (level 2, 0/27 HPs)
             Began as an Ogre Arcane Marksman on Jan 30, 2022.
             Succumbed to an adder's poison
             ... on level 3 of the Dungeon.
             The game lasted 00:02:54 (1059 turns).

Minsecho the Vexing (Ogre Arcane Marksman)          Turns: 1059, Time: 00:02:55

Health: 0/27       AC:  3    Str: 17    XL:     2   Next: 37%
Magic:  0/3        EV:  9    Int: 14    God:
Gold:   67         SH:  0    Dex:  9    Spells: 2/3 levels left

rFire   . . .      SeeInvis .   g - +0 long sword
rCold   . . .      Faith    .   (no shield)
rNeg    . . .      Spirit   .   a - +0 robe
rPois   .          Reflect  .   (helmet restricted)
rElec   .          Harm     .   (no cloak)
rCorr   .          Rampage  .   (gloves unavailable)
Will    .....                   (boots unavailable)
Stlth   +.........              (no amulet)
HPRegen 0.09/turn               (no ring)
MPRegen 0.08/turn               (no ring)

@: lethally poisoned (0 -> -7), flying
A: large, unfitting armour, tough skin 1, strong 2, evolution 1
a: no special abilities


You were on level 3 of the Dungeon.
You visited 1 branch of the dungeon, and saw 3 of its levels.

You collected 67 gold pieces.

Inventory:

Hand Weapons
 g - a +0 long sword (weapon)
Missiles
 j - 34 stones (quivered)
Armour
 a - a +0 robe (worn)
Jewellery
 l - a ring of ice
Scrolls
 f - 2 scrolls of identify {unknown}
 h - a scroll of fog {unknown}


   Skills:
 + Level 1.3 Fighting
 + Level 2.1 Throwing
 + Level 1.9 Dodging
 + Level 1.2 Spellcasting
 + Level 3.2 Hexes


You had 2 spell levels left.
You knew the following spells:

 Your Spells              Type           Power      Damage    Failure   Level
a - Slow                  Hex            36%        N/A       7%          1

Your spell library contained the following spells:

 Spells                   Type           Power      Damage    Failure   Level
 Tukima's Dance           Hex            9%         N/A       21%         3
 Inner Flame              Hex/Fire       5%         N/A       36%         3
 Portal Projectile        Hex/Tloc       10%        N/A       36%         3
 Cause Fear               Hex            4%         N/A       56%         4
 Frozen Ramparts          Ice            0%         1d2       61%         3
 Stone Arrow              Conj/Erth      0%         3d7       61%         3
 Anguish                  Hex/Necr       2%         N/A       78%         4
 Animate Armour           Summ/Erth      0%         N/A       95%         4
 Ice Form                 Ice/Tmut       0%         N/A       95%         4
 Summon Ice Beast         Ice/Summ       0%         N/A       95%         4
 Enfeeble                 Hex            4%         N/A       100%        7
 Lehudib's Crystal Spear  Conj/Erth      0%         10d2      100%        8


Dungeon Overview and Level Annotations

Branches:
Dungeon (3/15)

Altars:
Vehumet


Innate Abilities, Weirdness & Mutations

You are too large for most types of armour.
You have tough skin. (AC +1)
Your muscles are very strong. (Str +4)
You have hidden genetic potential.


Message History

Casting: Slow (safe; 7% risk of failure)
Confirm with . or Enter, or press ? or * to list all spells.
You don't have enough magic to cast this spell.
You feel sick. The adder bites you but does no damage.
You feel sick.
Your magical contamination has completely faded away.
You feel sick.
You feel sick.
You are no longer poisoned.
The adder closely misses you. The adder barely misses you.
There is a stone staircase leading down here.
The adder bites you but does no damage.
You fly downwards.
There is a stone staircase leading up here.
Casting: Slow (safe; 7% risk of failure)
Confirm with . or Enter, or press ? or * to list all spells.
Aiming: Slow (safe; 7% risk of failure)
Press: ? - help, Shift-Dir - straight line, f - adder
Aim: an adder (heavily wounded, chance to affect: 55%)
The adder seems to slow down.
The adder bites you.
You are poisoned.
The adder poisons you!
You miss the adder.
The adder is heavily wounded.
You feel very sick. The adder bites you.
* * * LOW HITPOINT WARNING * * *
You are lethally poisoned!
The adder poisons you!
You closely miss the adder.
The adder is heavily wounded.
* * * LOW HITPOINT WARNING * * *
You feel very sick. The adder bites you.
* * * LOW HITPOINT WARNING * * *
Unknown command.
You closely miss the adder.
The adder is heavily wounded.
You die...

# .#
#########.###.#
......S.......#
.......@..#
###########


You could see an adder (slow).

Vanquished Creatures
  A bat (D:1)
  2 endoplasms (D:1)
  A hobgoblin (D:1)
  A jackal (D:1)
  2 ball pythons
  2 frilled lizards (D:1)
  2 kobolds
  2 rats (D:1)
13 creatures vanquished.

Vanquished Creatures (others)
  5 fungi (D:1)
  5 plants (D:1)
10 creatures vanquished.

Grand Total: 23 creatures vanquished

Notes
Turn   | Place    | Note
-------+----------+-------------------------------------------
     0 | D:1      | Minsecho the Ogre Arcane Marksman began the quest for the
                  | Orb.
     0 | D:1      | Reached XP level 1. HP: 19/19 MP: 2/2
    51 | D:1      | Reached skill level 3 in Hexes
   214 | D:1      | Reached XP level 2. HP: 20/27 MP: 3/3
   530 | D:1      | Found a faded altar of an unknown god.
   795 | D:2      | Found a radiant altar of Vehumet.
  1037 | D:2      | Gained mutation: Your muscles are strong. (Str +2) [potion
                  | of mutation]
  1037 | D:2      | Gained mutation: You have hidden genetic potential. [potion
                  | of mutation]
  1037 | D:2      | Gained mutation: Your muscles are very strong. (Str +4)
                  | [potion of mutation]
  1059 | D:3      | Succumbed to an adder's poison

Illustrated notes

Levels and vault maps discovered:
D:1:      dpeg_arrival_brainrot, layout_rooms,
          shapermc_ecumenical_altar_mp_ritualfount
D:2:      layout_loops_ring, basic_altar
D:3:      minmay_goblin_kobold_castle, layout_loops_ring,
          nicolae_elyvilon_temple_path, serial_shops, shop_scrolls

Skill      XL: |  1 |
---------------+----+-----
Hexes          | 3 |  3.2
Fighting       | |  1.3
Throwing       | |  2.1
Dodging        | |  1.9
Spellcasting   | |  1.2

Action                   || total
-------------------------++-------
Melee: Unarmed           ||    10
       Punch             ||     2
       Long sword        ||    37
Throw: Large rock        ||     9
       Throwing net      ||     2
 Cast: Slow              ||     3
  Use: Potion            ||     4
Armor: Robe              ||    24
Dodge: Dodged            ||    29
